 Seeded DCSS version 0.29.1-13-g9f3cf754e1 (webtiles) character file.

Game seed: 20230203 (custom seed)

33617 ueste the Nimble (level 13, 0/89 HPs)
             Began as a Merfolk Summoner on Feb 3, 2023.
             Was a Priest of Hepliaklqana.
             Engulfed by their own flame (6 damage)
             ... on level 10 of the Dungeon on Feb 10, 2023.
             The game lasted 07:30:08 (21161 turns).

ueste the Nimble (Merfolk Summoner)                Turns: 21161, Time: 07:30:09

Health: 0/89       AC: 13    Str:  9    XL:     13   Next: 72%
Magic:  15/25      EV: 21    Int: 18    God:    Hepliaklqana [***...]
Gold:   745        SH:  0    Dex: 15    Spells: 12/28 levels left

rFire   . . .      SeeInvis .   I - +0 whip (freeze)
rCold   . . .      Faith    .   (no shield)
rNeg    . . .      Spirit   .   R - +2 troll leather armour
rPois   .          Reflect  .   (no helmet)
rElec   .          Harm     .   S - +2 cloak
rCorr   .          Rampage  .   (no gloves)
Will    .....                   v - +2 pair of boots {Stlth+}
Stlth   +++++.....              C - amulet of magic regeneration
HPRegen 1.04/turn               T - +4 ring of evasion
MPRegen 0.59/turn               Y - ring of wizardry

@: about to teleport
A: reduced essence, (nimble swimmer 2), mertail
a: Renounce Religion, Recall Ancestor, Ancestor Identity, Transference


You were on level 10 of the Dungeon.
You worshipped Hepliaklqana.
Hepliaklqana was most pleased with you.
You visited 3 branches of the dungeon, and saw 13 of its levels.
You also visited: Bailey.

You collected 1553 gold pieces.
You spent 808 gold pieces at shops.

Inventory:

Hand Weapons
 c - a +4 sling of flaming
 o - a +1 dagger of speed
 u - a +3 mace of protection
 x - a +2 antimagic hand axe
 E - a +2 dagger of draining
 I - a +0 whip of freezing (weapon)
 Q - a +8 flail of venom
 V - a +4 shortbow
 Z - a +3 dire flail
Missiles
 d - 79 stones
 k - 3 throwing nets
 B - 14 poisoned darts
 M - 3 boomerangs of dispersal
 O - 4 datura-tipped darts (quivered)
Armour
 e - a +2 robe
 v - a +2 pair of boots of stealth (worn)
 K - a scarf of invisibility
 R - a +2 troll leather armour (worn)
 S - a +2 cloak (worn)
 X - a +2 leather armour of fire resistance
Magical Staves
 F - a staff of air
 G - a staff of poison
Jewellery
 p - a ring of willpower
 C - an amulet of magic regeneration (around neck)
 T - a +4 ring of evasion (left hand)
 Y - a ring of wizardry (right hand)
Wands
 a - a wand of paralysis (17)
 D - a wand of quicksilver (11)
 N - a wand of digging (7)
 U - a wand of mindburst (17)
Scrolls
 i - a scroll of blinking
 m - 2 scrolls of identify
 n - a scroll of amnesia
 w - 2 scrolls of summoning
 y - 4 scrolls of teleportation
 z - a scroll of poison
 H - a scroll of fear
 J - a scroll of torment {unknown}
 L - a scroll of noise
Potions
 b - 2 potions of magic
 f - a potion of invisibility
 g - 4 potions of curing
 h - 2 potions of flight
 j - 3 potions of berserk rage
 l - a potion of cancellation
 q - 6 potions of mutation
 r - 2 potions of might
 t - 2 potions of ambrosia
 A - 2 potions of haste
 P - 4 potions of brilliance
 W - a potion of lignification


   Skills:
 + Level 8.7 Fighting
 + Level 9.6 Short Blades
 + Level 5.7 Maces & Flails
 + Level 5.3 Armour
 + Level 11.5 Dodging
 + Level 10.0 Stealth
 + Level 8.2 Spellcasting
 + Level 9.2 Summonings
 + Level 5.8 Air Magic


You had 12 spell levels left.
You knew the following spells:

 Your Spells              Type           Power      Damage    Failure   Level
a - Summon Small Mammal   Summ           100%       N/A       1%          1
b - Call Imp              Summ           40%        N/A       1%          2
c - Call Canine Familiar  Summ           40%        N/A       1%          3
d - Summon Guardian Gole  Hex/Summ       24%        N/A       2%          3
e - Summon Lightning Spi  Summ/Air       34%        N/A       2%          4
f - Necrotise             Necr           28%        1d5       5%          1
g - Passwall              Tmut/Erth      5%         N/A       8%          2

Your spell library contained the following spells:

 Spells                   Type           Power      Damage    Failure   Level
 Sandblast                Erth           14%        2d6       5%          1
 Mephitic Cloud           Conj/Pois/Air  14%        N/A       7%          3
 Sublimation of Blood     Necr           7%         N/A       8%          2
 Ignite Poison            Fire/Tmut/Pois 7%         N/A       16%         3
 Ozocubu's Armour         Ice            7%         N/A       16%         3
 Portal Projectile        Hex/Tloc       14%        N/A       16%         3
 Stone Arrow              Conj/Erth      14%        3d7       16%         3
 Tukima's Dance           Hex            7%         N/A       16%         3
 Vampiric Draining        Necr           7%         2d6       16%         3
 Summon Forest            Summ/Tloc      12%        N/A       21%         5
 Animate Dead             Necr           7%         N/A       43%         4
 Petrify                  Tmut/Erth      7%         N/A       43%         4
 Freezing Cloud           Conj/Ice/Air   7%         6-21      50%         5
 Summon Hydra             Summ           20%        N/A       65%         7
 Agony                    Necr           7%         N/A       77%         5
 Blade Hands              Tmut           3%         N/A       77%         5
 Irradiate                Conj/Tmut      3%         3d12      77%         5
 Metabolic Englaciation   Hex/Ice        3%         N/A       77%         5
 Eringya's Noxious Bog    Tmut/Pois      3%         N/A       99%         6
 Simulacrum               Ice/Necr       3%         N/A       99%         6
 Haunt                    Necr/Summ      12%        N/A       99%         7
 Infestation              Necr           3%         N/A       100%        8


Dungeon Overview and Level Annotations

Branches:
Dungeon (10/15)            Temple (1/1) D:6             Orc (2/2) D:9
    Elf (0/3) Orc:2        Bailey (visited)
   Lair: D:8-11

Altars:
Ashenzari
Cheibriados
Dithmenos
Elyvilon
Fedhas
Gozag
Hepliaklqana
Kikubaaqudgha
Makhleb
Nemelex Xobeh
Okawaru
Qazlal
Ru
Sif Muna
Trog
Uskayaw
Vehumet
Wu Jian
Xom
Yredelemnul
Zin
The Shining One

Shops:
Orc:2 =[:(

Annotations:
D:7 1 exclusion
D:10 1 transporter


Innate Abilities, Weirdness & Mutations

Your life essence is reduced to manifest your ancestor. (-10% HP)
((You are very nimble when in or above water. (Stealth+, EV+, Speed+++)))
Your lower body shifts to a powerful aquatic tail in water.


Message History

The fire elemental is severely damaged.
The fire crab bites your crimson imp!
Your crimson imp is engulfed in flames.
Your crimson imp completely resists.
Flame seeps out of your guardian golem. The fire crab misses your crimson imp.
The fire elemental hits your crimson imp.
The fire elemental closely misses you.
Your wolf misses the fire elemental.
The fire elemental hits your crimson imp.
Your guardian golem is engulfed in blazing flames.
Your guardian golem disappears in a puff of smoke!
Your guardian golem explodes!
The fiery explosion engulfs your wolf!!
The fiery explosion engulfs your lightning spire.
Your lightning spire resists.
The fiery explosion engulfs you!!
* * * LOW HITPOINT WARNING * * *
Your lightning spire is engulfed in blazing flames.
You feel much better.
You are engulfed in blazing flames.
* * * LOW HITPOINT WARNING * * *
Your wolf is engulfed in blazing flames.
Your wolf bites the fire elemental!
The fire elemental hits your crimson imp.
The fire elemental completely misses you.
The fire crab bites your crimson imp.
Your crimson imp dies!
Your crimson imp disappears in a puff of smoke!
Your wolf is engulfed in blazing flames.
Your wolf dies!
Your wolf's corpse disappears in a puff of smoke!
Your lightning spire is engulfed in blazing flames.
Casting: Summon Small Mammal (safe; 1% risk of failure)
Confirm with . or Enter, or press ? or * to list all spells.
A beastly little devil appears in a puff of frigid air.
You are engulfed in blazing flames.
* * * LOW HITPOINT WARNING * * *
The fire elemental closely misses you.
Your lightning spire is engulfed in blazing flames.
The fire elemental misses you.
As you read the scroll of teleportation, it crumbles to dust.
You feel strangely unstable.
You are engulfed in blazing flames.
You die...

.......#.............#.......#...
.......#.............#...[[..#...
.......#...........#######..)#...
....)..#....########○○☼°☼#...####
.......#....#°○°☼°.#.°°○.#...#...
.......#....#○○°○○°#○○☼○○#...#...
.......#....#°○#8#t°°☼☼$°#...#...
.......#...©#○○©§EEt°○°)©#©..#...
.......#....#..#@#E'b.°[!#...#...
.......#....#°☼○☼○°#..☼°○#...#...
.......#....#○☼°○5°#☼○°.○#...#...
.......#....########.○○○b#...'...
.......#.........).#######...#...
.......#....)........#<......#...
...###########'###############...
...#.....................#.......
...#.....................#.......


You could see 2 fire crabs, 3 fire elementals, a fire bat, a friendly lightning
spire (summoned) and a friendly white imp (summoned).

Vanquished Creatures
  An unseen horror (D:10)
  A komodo dragon (D:10)
  An orc warrior (Bailey)
  An ice beast (D:5)
  A black bear (D:6)
  3 gnolls (D:4)
  An adder (D:6)
  2 orcs
  A hobgoblin (D:3)
  A jackal (D:4)
  A bat (D:3)
14 creatures vanquished.

Vanquished Creatures (collateral kills)
  An ettin (Orc:1)
  Harold (D:9)
  2 ogre magi (Orc:2)
  7 two-headed ogres
  An orc high priest (D:9)
  Pikel (D:8)
  A deep elf pyromancer (D:8)
  An orc knight (Orc:1)
  4 cyclopes
  3 orange demons (D:10)
  A red devil (D:10)
  14 trolls
  A vampire (D:8)
  10 yaks
  A warg (D:9)
  An acid dragon (D:10)
  A water moccasin (D:7)
  15 orc warriors
  2 ice beasts
  19 ogres
  2 centaurs
  3 lemures (D:8)
  A kobold brigand (D:4)
  4 bullfrogs
  A gnoll sergeant (D:10)
  2 scorpions
  2 necrophages
  4 wights (D:9)
  3 killer bees (D:8)
  A howler monkey (D:7)
  5 hounds
  4 jellies
  7 orc priests
  Crazy Yiuf (D:5)
  Ijyb (D:3)
  20 orc wizards
  2 iguanas
  28 gnolls
  7 adders
  2 shadow imps
  5 white imps
  3 dart slugs
  74 orcs
  3 endoplasms
  A giant cockroach (D:3)
  6 goblins
  3 hobgoblins
  14 jackals (D:4)
  2 quokkas
  7 ball pythons
  3 bats
  A frilled lizard (D:2)
  2 kobolds
  4 rats
315 creatures vanquished.

Vanquished Creatures (others)
  3 two-headed ogres
  An iron troll (Orc:2)
  3 deep trolls
  2 orc knights (Bailey)
  4 trolls
  2 yaks
  2 wargs
  Edmund (D:5)
  An acid dragon (D:10)
  7 orc warriors
  A black bear (D:7)
  2 ogres (Orc:2)
  A centaur (D:7)
  A lemure (D:8)
  3 wights (D:8)
  3 killer bees (D:8)
  3 knights
  6 ancestors
  10 orcs
  A fungus (D:4)
  A plant (D:4)
58 creatures vanquished.

Grand Total: 387 creatures vanquished

Notes
Turn   | Place    | Note
-------+----------+-------------------------------------------
     0 | D:1      | ueste the Merfolk Summoner began the quest for the Orb.
     0 | D:1      | Reached XP level 1. HP: 13/13 MP: 3/3
   384 | D:1      | Found a faded altar of an unknown god.
   564 | D:1      | Reached XP level 2. HP: 20/20 MP: 3/5
   567 | D:1      | Learned a level 2 spell: Call Imp
   783 | D:1      | Reached skill level 3 in Dodging
  1649 | D:2      | Reached XP level 3. HP: 25/25 MP: 3/6
  2740 | D:2      | Reached skill level 1 in Fighting
  2743 | D:2      | Reached skill level 1 in Short Blades
  2975 | D:3      | Noticed Ijyb
  3075 | D:3      | Killed Ijyb
  3076 | D:3      | Reached XP level 4. HP: 12/32 MP: 3/7
  3272 | D:3      | Learned a level 3 spell: Call Canine Familiar
  3810 | D:3      | Identified the +1 chain mail of the Crafting Gods {rElec
                  | rCorr}
  4058 | D:3      | Identified the +7 chain mail "Namacis" {Dex+4}
  4364 | D:4      | Reached XP level 5. HP: 34/38 MP: 2/8
  4839 | D:4      | Reached skill level 4 in Dodging
  4984 | D:4      | Reached XP level 6. HP: 44/44 MP: 5/10
  6262 | D:4      | Reached skill level 5 in Summonings
  6262 | D:4      | Reached XP level 7. HP: 51/51 MP: 3/11
  7002 | D:4      | Reached skill level 5 in Dodging
  7301 | D:5      | Entered Level 5 of the Dungeon
  7703 | D:5      | Reached XP level 8. HP: 59/59 MP: 9/13
  7888 | D:5      | Noticed Edmund
  8920 | D:5      | Reached skill level 5 in Stealth
  9103 | D:5      | Learned a level 3 spell: Summon Guardian Golem
  9220 | D:5      | Killed Edmund
  9495 | D:5      | Found a runed translucent door.
  9497 | D:5      | Noticed Crazy Yiuf
  9536 | D:5      | Killed Crazy Yiuf
  9910 | D:6      | Found a hide-covered altar of Uskayaw.
  9941 | D:6      | Found a shimmering blue altar of Sif Muna.
 10333 | D:6      | Reached skill level 6 in Dodging
 10333 | D:6      | Reached skill level 1 in Air Magic
 10670 | D:6      | Reached skill level 1 in Armour
 10734 | D:6      | Reached skill level 1 in Maces & Flails
 10831 | D:6      | Found a staircase to the Ecumenical Temple.
 11004 | Temple   | Entered the Ecumenical Temple
 11240 | Temple   | Became a worshipper of Hepliaklqana the Forgotten
 11309 | D:7      | Reached XP level 9. HP: 66/66 MP: 7/15
 11345 | D:7      | Reached skill level 5 in Short Blades
 11591 | D:7      | Learned a level 4 spell: Summon Lightning Spire
 11657 | D:7      | Found a flagged portal.
 11669 | Bailey   | Entered a bailey
 12081 | Bailey   | Noticed an orc knight
 12091 | Bailey   | Killed an orc knight
 12206 | Bailey   | Noticed an orc knight
 12215 | Bailey   | Reached skill level 5 in Fighting
 12247 | Bailey   | Killed an orc knight
 12248 | Bailey   | Reached skill level 7 in Dodging
 12277 | Bailey   | Reached skill level 5 in Spellcasting
 12305 | Bailey   | Reached XP level 10. HP: 19/74 MP: 17/17
 12642 | D:7      | Learned a level 1 spell: Necrotise
 12686 | D:7      | Reached skill level 9 in Dodging
 12686 | D:7      | Reached XP level 11. HP: 82/82 MP: 16/20
 12925 | D:7      | Noticed a two-headed ogre
 12941 | D:7      | Killed a two-headed ogre
 13009 | D:7      | Learned a level 2 spell: Passwall
 13681 | D:8      | Noticed a deep elf pyromancer
 13690 | D:8      | Killed a deep elf pyromancer
 13759 | D:8      | Reached * piety under Hepliaklqana
 14366 | D:8      | Noticed Pikel
 14405 | D:8      | Killed Pikel
 14810 | D:9      | Found a glowing golden altar of the Shining One.
 14831 | D:9      | Found a broken altar of Ashenzari.
 14951 | D:9      | Noticed Harold
 15295 | D:9      | Noticed a deep troll
 15295 | D:9      | Noticed a deep troll
 15313 | D:9      | Killed Harold
 15328 | D:9      | Killed a deep troll
 15329 | D:9      | Reached skill level 10 in Dodging
 15385 | D:9      | Reached XP level 12. HP: 81/81 MP: 5/22
 15720 | D:9      | Reached ** piety under Hepliaklqana
 15721 | D:9      | Remembered your ancestor Iltani as a knight
 16239 | D:9      | Found a staircase to the Orcish Mines.
 16252 | Orc:1    | Entered Level 1 of the Orcish Mines
 16278 | Orc:1    | Noticed an orc high priest
 16350 | D:9      | Noticed a sun demon
 16366 | D:9      | Killed an orc high priest
 16561 | Orc:2    | Entered Level 2 of the Orcish Mines
 17331 | Orc:2    | Noticed a two-headed ogre
 17360 | Orc:2    | Noticed a two-headed ogre
 17363 | Orc:2    | Killed a two-headed ogre
 17367 | Orc:2    | Reached skill level 5 in Air Magic
 17451 | Orc:1    | Killed a two-headed ogre
 17452 | Orc:1    | Reached skill level 5 in Maces & Flails
 17886 | Orc:2    | Noticed an ogre mage
 17910 | Orc:2    | Killed an ogre mage
 17933 | Orc:2    | Noticed a two-headed ogre
 17946 | Orc:2    | Killed a two-headed ogre
 17947 | Orc:2    | Reached skill level 11 in Dodging
 17947 | Orc:2    | Reached XP level 13. HP: 88/88 MP: 22/24
 18279 | Orc:2    | Reached skill level 5 in Armour
 18570 | Orc:2    | Found Xofit's Jewellery Emporium.
 18571 | Orc:2    | Found Iter's Antique Armour Boutique.
 18572 | Orc:2    | Found Poigoc's Book Boutique.
 18576 | Orc:2    | Found Itiqal's Antique Weapon Shop.
 18667 | Orc:2    | Found a staircase to the Elven Halls.
 18835 | Orc:2    | Reached *** piety under Hepliaklqana
 19069 | Orc:2    | Bought a pair of runed boots for 262 gold pieces
 19092 | Orc:2    | Bought a Fen Folio for 546 gold pieces
 19353 | Orc:1    | Noticed an ettin
 19368 | Orc:1    | Killed an ettin
 19491 | Orc:1    | You fall into a shaft and drop 1 floor!
 19676 | D:10     | Entered Level 10 of the Dungeon
 19682 | D:10     | Found a transporter.
 19737 | D:10     | Identified the +0 leather armour of Cocytus {SInv}
 20282 | D:10     | Reached skill level 10 in Stealth
 20531 | D:10     | Found an iron altar of Okawaru.
 20703 | D:10     | Found a transporter.
 21161 | D:10     | Engulfed by their own flame

Illustrated notes

Levels and vault maps discovered:
D:1:      dpeg_arrival_tiny_k, layout_loops_ring,
          hellmonk_ecumenical_altar_heavens_door
D:2:      layout_basic
D:3:      layout_rooms, saegor_snake_ambush, uniq_ijyb
D:4:      lemuel_castle_with_subvaults [lemuel_castle_interior_carwin_2],
          layout_gridville
D:5:      layout_basic, uniq_edmund, uniq_crazy_yiuf_cottage
D:6:      layout_gridville, chequers_temple_overflow_statue_of_worship,
          minmay_temple_entry_arrows, nicolae_titane
D:7:      layout_rooms, enter_bailey_1, minmay_misc_feat_ornament,
          glass_columns_a, grunt_potential
D:8:      layout_loops_corners, minmay_microvault, uniq_pikel
D:9:      lemuel_troll_bridge, layout_loops_ring,
          mainiacjoe_overflow_catwalk_spiral, orc_0_dummy, uniq_harold
D:10:     gammafunk_cloud_chamber, layout_grid_maze,
          mainiacjoe_overflow_surrounded_room, minmay_beelzebubs_servants
Temple:   nicolae_temple_bog_church
Orc:1:    layout_caves
Orc:2:    st_orc_open, layout_diamond_mine, basic_altar

Skill      XL: |  1  2  3  4  5  6  7  8  9 10 11 12 13 |
---------------+----------------------------------------+-----
Dodging        | 3 4 5 6 7 9 10 11 | 11.5
Fighting       | 1 2 3 4 5 6 7 8 |  8.7
Short Blades   | 1 2 3 4 5 7 9 |  9.6
Stealth        | 3 4 5 6 7 8 9 10 | 10.0
Spellcasting   | 3 4 5 6 7 8 |  8.2
Summonings     | 5 6 7 8 9 |  9.2
Air Magic      | 1 2 3 4 5 |  5.8
Armour         | 1 2 3 4 5 |  5.3
Maces & Flails | 1 2 3 4 5 |  5.7

Action                   |  1- 3 |  4- 6 |  7- 9 | 10-12 | 13-15 || total
-------------------------+-------+-------+-------+-------+-------++-------
Melee: Dagger            |    22 |    35 |    37 |       |       ||    94
       Punch             |     1 |       |       |       |       ||     1
       Flail             |       |       |    13 |     5 |       ||    18
       Mace              |       |       |       |    18 |    11 ||    29
       Whip              |       |       |       |       |     2 ||     2
 Cast: Summon Small Mamm |    39 |    55 |   145 |   165 |    64 ||   468
       Call Imp          |    32 |    41 |    58 |    78 |    23 ||   232
       Call Canine Famil |       |     6 |    63 |    85 |    37 ||   191
       Summon Guardian G |       |       |    32 |    71 |    30 ||   133
       Summon Lightning  |       |       |       |    45 |    28 ||    73
       Necrotise         |       |       |       |     1 |     1 ||     2
Invok: Recall Ancestor   |       |       |       |     1 |     2 ||     3
       Ancestor Life: Kn |       |       |       |     1 |       ||     1
       Ancestor Identity |       |       |       |     1 |       ||     1
Evoke: Wand              |       |       |       |     1 |     2 ||     3
  Use: Potion            |     1 |       |     8 |     5 |     1 ||    15
       Scroll            |       |       |    10 |    13 |     1 ||    24
 Stab: Distracted        |       |       |     3 |       |     3 ||     6
Armor: Robe              |     7 |     7 |    20 |     8 |       ||    42
       Troll leather arm |       |       |       |    38 |     9 ||    47
Dodge: Dodged            |    24 |    21 |    79 |   160 |    44 ||   328
